 Dungeon Crawl Stone Soup version 0.16-a0-3943-gb4b81e6 (webtiles) character file.

164437 Gorice the Unseen (level 18, -4/116 HPs)
             Began as a Kobold Wanderer on Feb 4, 2015.
             Was the Champion of Okawaru.
             Shot with an arrow by Vashnia (12 damage)
             ... on level 2 of the Snake Pit on Feb 8, 2015.
             The game lasted 09:02:00 (51872 turns).

Gorice the Unseen (Kobold Wanderer)                Turns: 51872, Time: 09:02:01

Health: -4/116     AC: 16    Str: 10    XL:     18   Next: 48%
Magic:  29/30      EV: 27    Int: 10    God:    Okawaru [******]
Gold:   1158       SH:  9    Dex: 19    Spells: 0 memorised, 21 levels left

rFire  . . .     SeeInvis .     a - +5 captain's cutlass {speed}
rCold  . . .     Clarity  .     I - +0 swamp dragon armour
rNeg   + . .     SustAb   .     H - +2 buckler {rN+}
rPois  +         Gourm    .     s - +1 helmet of Ubear {Int-5 Slay+5}
rElec  .         Spirit   .     m - +0 cloak
rCorr  .         Warding  .     k - +2 pair of gloves
rMut   .         Rnd*Tele +     P - +0 pair of boots {Stlth+}
MR     +....                    V - amulet of faith {!P}
Stlth  +++++++++.               r - ring of invisibility
                                j - ring of teleportation

@: somewhat resistant to hostile enchantments, incredibly stealthy
A: carnivore 3, low mp 1
a: Heroism, Finesse, Renounce Religion, Evoke Invisibility, Evoke Teleportation


You were on level 2 of the Snake Pit.
You worshipped Okawaru.
Okawaru was exalted by your worship.
You were very full.

You visited 6 branches of the dungeon, and saw 35 of its levels.
You also visited: Labyrinth, Ice Cave and Volcano.

You collected 4584 gold pieces.
You spent 3426 gold pieces at shops.

Inventory:

Hand weapons
 a - the +5 captain's cutlass (weapon) {speed}
   (You bought it in a shop on level 4 of the Orcish Mines)

   Attacks with this weapon are significantly faster.
 b - the +6 hand crossbow "Ebesa" {speed, +Blink Int+3}
   (You found it on level 2 of the Lair of Beasts)

   Attacks with this weapon are significantly faster.
   It affects your intelligence (+3).
   It lets you blink.
 e - a +3 rapier of electrocution
   (You found it on level 5 of the Dungeon)
 B - a +0 blowgun
 D - the +5 rapier "Riteggi Zyto" {pierce, Str+4}
   (Okawaru gifted it to you on level 2 of the Snake Pit)

   It inflicts extra damage upon your enemies.
   It affects your strength (+4).
Missiles
 o - 175 bolts
 J - 6 curare-tipped needles
 Q - 4 bolts of flame
 R - 15 bolts of penetration
Armour
 k - a +2 pair of gloves (worn)
 m - a +0 cloak (worn)
 s - the +1 helmet of Ubear (worn) {Int-5 Slay+5}
   (You found it on level 2 of the Snake Pit)

   It affects your intelligence (-5).
   It affects your accuracy and damage with ranged weapons and melee attacks
   (+5).
 H - a +2 buckler of positive energy (worn)
   (Okawaru gifted it to you on level 9 of the Dungeon)
 I - a +0 swamp dragon armour (worn)
 P - a +0 pair of boots of stealth (worn)
   (Okawaru gifted it to you on level 7 of the Lair of Beasts)
 W - a +1 helmet of see invisible
   (You bought it in a shop on level 15 of the Dungeon)
Rods
 L - a -1 lightning rod (12/12) {!a}
   (You found it on level 1 of the Lair of Beasts)
 S - a +3 rod of shadows (10/10) {!a}
   (You found it in a labyrinth)
Jewellery
 d - an uncursed ring of protection from fire
 g - an uncursed amulet of clarity
 j - a ring of teleportation (left hand)
 r - a ring of invisibility (right hand)
 z - a +4 ring of slaying
 E - an uncursed ring of flight
 V - an amulet of faith (around neck) {!P}
 X - an uncursed ring of teleport control
Magical devices
 c - a wand of paralysis (3)
 q - a wand of digging (16)
 t - a wand of disintegration (3)
 v - a wand of enslavement (7)
 M - a wand of teleportation (5) {!d}
 Y - a wand of paralysis (5)
Scrolls
 f - 3 scrolls of fear {!r}
 l - 5 scrolls of fog
 u - 4 scrolls of teleportation {!r}
 x - 5 scrolls of remove curse
 y - 6 scrolls of identify
 A - 2 scrolls of blinking
 N - a scroll of recharging
Potions
 h - a potion of cancellation {!q}
 i - 2 potions of brilliance {!q}
 w - 8 potions of resistance {!q}
 C - 18 potions of curing
 F - 5 potions of heal wounds {!q}
 G - 4 potions of might {!q}
 K - a potion of haste {!q}
 T - 5 potions of agility {!q}
Books
 O - a book of the Sky
Comestibles
 n - 4 poisonous chunks of flesh
 p - 18 meat rations {!e}


   Skills:
 - Level 13.7 Fighting
 - Level 14.0 Short Blades
   Level 2.6 Staves
 - Level 1.3 Throwing
 + Level 4.4 Armour
 + Level 18.0 Dodging
 + Level 18.6 Stealth
 - Level 7.0 Shields
 - Level 2.0 Spellcasting
   Level 1.0 Conjurations
 - Level 7.8 Invocations
 - Level 15.0 Evocations


You had 21 spell levels left.
You didn't know any spells.

Dungeon Overview and Level Annotations

Branches:
Dungeon (15/15)            Temple (1/1) D:6            Lair (8/8) D:11
  Swamp (5/5) Lair:6        Snake (2/5) Lair:6        Slime (0/6) Lair:8
    Orc (4/4) D:12            Elf (0/3) Orc:3        Vaults (0/5) D:13
 Depths (0/5) D:15

Altars:
Ashenzari
Cheibriados
Dithmenos
Elyvilon
Fedhas
Gozag
Kikubaaqudgha
Makhleb
Nemelex Xobeh
Okawaru
Qazlal
Ru
Sif Muna
Trog
Vehumet
Xom
Yredelemnul
Zin
The Shining One
Lugonu

Shops:
D:6 !   D:15 *}[   Orc:4 ?([*=

Annotations:
Lair:6 exclusion: downstairs
Lair:7 awake Rupert!, Rupert
Swamp:5 UX
Snake:1 !, Asterion
Snake:2 Aizul, Vashnia


Innate Abilities, Weirdness & Mutations

You are small and have problems with some larger weapons.
You are carnivorous and can eat meat at any time.
Your magical capacity is low (-10% MP).


Message History

Vashnia blinks!
A naga sharpshooter comes into view. It is wielding a hand axe.
Things that are here:
an uncursed halberd; an uncursed arbalest Vashnia unwields an uncursed trident of venom.
It stops dripping with poison.
Vashnia wields a glowing longbow.
It is covered in frost.
Vashnia shoots an arrow.
The arrow hits you! The arrow freezes you.
You see here an arrow.
You take 14 damage.
The naga sharpshooter unwields an uncursed mace.
The naga sharpshooter wields an arbalest.
The naga sharpshooter shoots a bolt of penetration.
The bolt of penetration closely misses you.
Things that are here:
a bolt of penetration; a bolt of flame Put on which piece of jewellery? (? for menu, Esc to quit)
You're wearing all the rings you can.
Remove which one? (? for menu, Esc to cancel) < or
d - a ring of protection from fire; > or
r - a ring of invisibility You remove your ring of protection from fire.
The naga sharpshooter shoots a bolt of penetration.
The bolt of penetration completely misses you.
You feel slightly jumpy.
j - a ring of teleportation (left hand) Use which ability? (? or * to list)
You feel strangely unstable.
You feel somewhat less full.
The naga sharpshooter gestures wildly while chanting.
The naga sharpshooter magically shoots a bolt of penetration.
The bolt of penetration pierces through you!
You take 10 damage.
The naga sharpshooter casts a spell.
The naga sharpshooter magically shoots a bolt of penetration.
The bolt of penetration pierces through you!!
Vashnia shoots an arrow.
The arrow misses you.
You see here 2 bolts of penetration.
You take 26 damage.
The naga sharpshooter gestures wildly while chanting.
The naga sharpshooter magically shoots a bolt of penetration.
The bolt of penetration pierces through you.
You see here a bolt of penetration.
You take 1 damage.
Your surroundings seem slightly different.
Your surroundings seem slightly different.
Vashnia spits poison at you. The splash of poison misses you.
Vashnia shoots an arrow.
The arrow hits you!!!
* * * LOW HITPOINT WARNING * * *
The arrow freezes you!
You die...

#..#.#.#[#..##.......≈≈§≈§.
#..........####.....§≈≈≈§§§
#..#>#.#.#.# #.....§≈≈§§≈≈
#..........## #.....≈≈≈≈≈§§
#..#.#.#.#..# #......≈§≈≈§.
#.((........###............ ###
#.(#.#.#.#................. N.#
##.N........................
#N##..#.......@.#..............
#.#(##......#.##..###.........
#N.#.........##..# ##..######
#(........#.##..## ##...##
#...........##..## #..#..###
#####.(#####....##.#.###.###...##
..##.(## ##.........#..# ##....
..#.).# #.........#.## #....
####..## #........##. #....


You could see Vashnia.

Vanquished Creatures
  Agnes (Swamp:4)
  A thorn hunter (Swamp:5)
  A frost giant (IceCv)
  An orc warlord (Orc:4)
  6 dire elephants (Lair:8)
  A minotaur (Lab)
  4 vault guards
  A rakshasa (D:15)
  Fannar (Lair:6)
  An ice dragon (Orc:1)
  Harold (D:11)
  4 naga warriors
  Nessos (Swamp:2)
  12 hydras
  A ghost crab (Swamp:4)
  Erica (Lair:3)
  6 alligators
  4 anacondas
  2 centaur warriors (D:15)
  A death yak (Lair:8)
  4 orc high priests (Orc:4)
  3 naga sharpshooters
  Urug (Snake:1)
  2 tengu warriors
  A shock serpent (Snake:1)
  Nergalle (Orc:3)
  A giant orange brain (D:15)
  5 skeletal warriors (D:12)
  2 naga ritualists (Snake:2)
  3 unseen horrors
  A spriggan druid (Swamp:4)
  5 hill giants
  4 swamp dragons
  Pikel (D:7)
  3 orc knights (Orc:4)
  A mana viper (Snake:2)
  2 griffons
  3 orc sorcerers (Orc:4)
  3 cyclopes
  A salamander (Snake:2)
  A lindwurm (Lair:6)
  4 manticores
  2 oklob plants
  12 ugly things
  22 black mambas
  11 elephants
  2 gargoyles
  16 spiny frogs
  2 torpor snails
  2 guardian serpents
  Psyche (D:8)
  8 naga magi
  8 komodo dragons
  4 kobold demonologists
  A freezing wraith (D:14)
  A yaktaur (D:9)
  3 trolls
  4 fire drakes
  An elf (shapeshifter) (D:9)
  A guardian mummy (Volcano)
  An efreet (D:14)
  2 minotaur zombies (Lab)
  A deep elf priest (D:15)
  21 polar bears
  A queen bee (Lair:3)
  2 giant leeches
  A two-headed ogre (D:11)
  2 tengu conjurers (D:13)
  20 blink frogs
  8 slime creatures
  3 bog bodies
  2 minotaur skeletons (Volcano)
  A boulder beetle (Lair:7)
  4 basilisks
  2 baby alligators (Swamp:4)
  3 deep elf magi
  3 vampires (Volcano)
  2 flying skulls (Volcano)
  10 ravens
  A basilisk (shapeshifter) (D:15)
  A trapdoor spider (D:15)
  5 spriggans
  A shadow (Swamp:4)
  65 yaks
  A wyvern (shapeshifter) (D:15)
  A wyvern (Lair:7)
  A centaur simulacrum (D:14)
  2 steam dragons
  14 hippogriffs
  A deep elf fighter (D:15)
  Grum (Orc:1)
  26 wolves
  2 hungry ghosts
  A hill giant skeleton (Volcano)
  14 vampire mosquitoes
  21 swamp worms
  15 nagas
  3 wargs
  Menkaure (D:5)
  6 insubstantial wisps (Swamp:1)
  7 swamp drakes
  40 water moccasins
  2 merfolk skeletons (Volcano)
  A soldier ant (D:8)
  4 sky beasts
  5 porcupines
  30 orc warriors
  2 black bears
  5 phantoms
  A spider (D:8)
  2 ice beasts
  An eye of draining (shapeshifter) (D:14)
  6 wasps
  13 ogres
  2 manticore skeletons (Volcano)
  A necrophage (D:5)
  17 crocodiles
  27 centaurs
  Sigmund (D:7)
  6 big kobolds
  3 boring beetles
  A brain worm (D:13)
  18 giant frogs
  3 scorpions
  A troll skeleton (Volcano)
  2 electric eels (Snake:1)
  20 wights
  A spriggan skeleton (Volcano)
  29 killer bees
  2 vampire bats (D:7)
  6 centaur zombies
  6 lava snakes (Snake:2)
  34 orc priests
  3 giant frog zombies
  2 wasp zombies (D:8)
  A spectral giant frog (Swamp:4)
  11 hounds
  The ghost of ConnectionFaild the Charlatan, a weakling SpAr (D:3)
  8 centaur skeletons
  6 goliath beetles
  4 crimson imps
  3 giant frog skeletons
  13 iguanas
  3 jellies
  A two-headed ogre skeleton (Volcano)
  13 worker ants
  40 orc wizards
  Natasha (D:5)
  4 hell rats (Lair:4)
  12 sheep
  Ijyb (D:2)
  4 hound zombies
  2 ogre skeletons (Volcano)
  3 hound skeletons
  5 mummies
  A worker ant zombie (D:9)
  3 gnolls (D:4)
  33 adders
  66 river rats
  4 shadow imps
  3 giant mites
  A worm (D:3)
  An ufetubus (D:14)
  3 orc zombies (Orc:4)
  An orc skeleton (Orc:4)
  An adder zombie (D:6)
  7 giant geckos
  165 orcs
  3 bat skeletons (D:7)
  5 bat zombies
  6 giant cockroaches
  26 goblins
  19 hobgoblins
  11 jackals
  10 quokkas
  7 ball pythons
  18 bats
  A giant gecko skeleton (D:9)
  3 giant newts
  A giant spore (D:13)
  42 kobolds
  A quokka skeleton (D:5)
  34 rats
  32 ballistomycetes
  A briar patch (Swamp:5)
  A fungus (Lair:7)
  2 plants (Lair:8)
1428 creatures vanquished.

Vanquished Creatures (collateral kills)
  A thorn hunter (Swamp:3)
  A swamp worm (Swamp:4)
  An orc warrior (Orc:2)
3 creatures vanquished.

Vanquished Creatures (others)
  A hydra (Swamp:5)
  An alligator (Swamp:5)
  A boulder beetle (Swamp:4)
  A deep elf mage (D:15)
  2 wolves (IceCv)
  A slave (D:7)
  An adder (D:7)
  2 orcs (D:7)
  A kobold (D:7)
  3 giant spores
  5 fungi (Lair:8)
  7 plants
26 creatures vanquished.

Grand Total: 1457 creatures vanquished

Notes
Turn   | Place    | Note
--------------------------------------------------------------
     0 | D:1      | Gorice, the Kobold Wanderer, began the quest for the Orb.
     0 | D:1      | Gorice set off with: a wand of confusion (15), Sif Muna's Tome of the Frostbite, Lehudib's Almanac of Confrontation, a +0 robe, a +0 dagger, a meat ration {!e}
     0 | D:1      | Reached XP level 1. HP: 10/10 MP: 3/3
     0 | D:1      | Identified Sif Muna's Tome of the Frostbite
     0 | D:1      | Identified Lehudib's Almanac of Confrontation
    71 | D:1      | Reached skill level 1 in Short Blades
   290 | D:1      | Reached XP level 2. HP: 13/15 MP: 4/4
   308 | D:1      | Reached skill level 2 in Stealth
   885 | D:1      | Reached skill level 2 in Dodging
   885 | D:1      | Reached XP level 3. HP: 19/19 MP: 6/6
  1080 | D:2      | Noticed Ijyb
  1181 | D:2      | Reached skill level 2 in Short Blades
  1236 | D:2      | Found a sparkling altar of Nemelex Xobeh.
  1265 | D:2      | Reached skill level 3 in Stealth
  1466 | D:2      | Found a snail-covered altar of Cheibriados.
  1484 | D:2      | Found a glowing silver altar of Zin.
  1696 | D:2      | Reached XP level 4. HP: 24/24 MP: 7/7
  1793 | D:2      | Killed Ijyb
  1793 | D:2      | Reached skill level 3 in Short Blades
  1853 | D:2      | Found an iron altar of Okawaru.
  1872 | D:2      | Became a worshipper of Warmaster Okawaru
  2181 | D:3      | Reached XP level 5. HP: 28/28 MP: 9/9
  2349 | D:2      | Found a shadowy altar of Dithmenos.
  2410 | D:3      | Noticed ConnectionFaild's ghost (weakling SpAr)
  2787 | D:3      | Killed ConnectionFaild's ghost
  2787 | D:3      | Reached skill level 4 in Short Blades
  2787 | D:3      | Reached skill level 4 in Stealth
  3118 | D:4      | Reached skill level 3 in Dodging
  3118 | D:4      | Reached XP level 6. HP: 32/32 MP: 10/10
  3288 | D:4      | Reached skill level 5 in Short Blades
  3584 | D:4      | Reached skill level 5 in Stealth
  3598 | D:4      | Acquired Okawaru's first power
  3793 | D:4      | Reached skill level 6 in Short Blades
  3793 | D:4      | Reached XP level 7. HP: 36/36 MP: 12/12
  3858 | D:5      | Entered Level 5 of the Dungeon
  3890 | D:5      | Reached skill level 4 in Dodging
  4039 | D:5      | Reached skill level 7 in Short Blades
  4039 | D:5      | Reached skill level 6 in Stealth
  4059 | D:5      | Noticed Menkaure
  4077 | D:5      | Killed Menkaure
  4077 | D:5      | Reached XP level 8. HP: 20/41 MP: 6/13
  4138 | D:5      | Reached skill level 5 in Dodging
  4213 | D:5      | Reached skill level 8 in Short Blades
  4350 | D:5      | Noticed Natasha
  4381 | D:5      | Killed Natasha
  4460 | D:5      | Reached skill level 7 in Stealth
  4737 | D:6      | Reached skill level 9 in Short Blades
  4892 | D:6      | Reached skill level 6 in Dodging
  4927 | D:6      | Found a staircase to the Ecumenical Temple.
  5014 | D:6      | Reached XP level 9. HP: 38/45 MP: 11/14
  5120 | D:6      | Found a burning altar of Makhleb.
  5180 | D:6      | Found Toteadej's Distillery.
  5186 | D:6      | Found a radiant altar of Vehumet.
  5202 | D:5      | Reached skill level 8 in Stealth
  5237 | D:6      | Bought a potion of might for 44 gold pieces
  5237 | D:6      | Bought a potion of agility for 44 gold pieces
  5237 | D:6      | Bought a potion of mutation for 27 gold pieces
  5247 | D:6      | Found a shimmering altar of Xom.
  5255 | D:6      | Found an opulent altar of Gozag.
  5262 | D:6      | Reached skill level 10 in Short Blades
  5289 | D:6      | Upgraded the game from 0.16-a0-3920-g0a6a257 to 0.16-a0-3933-g06ce5c0
  5843 | Temple   | Entered the Ecumenical Temple
  6136 | D:7      | Found an ancient bone altar of Kikubaaqudgha.
  6301 | D:7      | Found a bloodstained altar of Trog.
  6319 | D:7      | Noticed Pikel
  6465 | D:7      | Killed Pikel
  6465 | D:7      | Reached skill level 11 in Short Blades
  6465 | D:7      | Reached skill level 7 in Dodging
  6465 | D:7      | Reached skill level 9 in Stealth
  6549 | D:7      | Found a shattered altar of Ashenzari.
  6600 | D:7      | HP: 11/45 [orc warrior/glaive (13)]
  6869 | D:7      | Found a large runed door.
  6870 | D:7      | Found a large runed door.
  7032 | D:7      | Reached XP level 10. HP: 50/50 MP: 16/16
  7082 | D:7      | Noticed Sigmund
  7087 | D:7      | Killed Sigmund
  7158 | D:7      | Reached skill level 12 in Short Blades
  7272 | D:7      | Found a large runed door.
  7272 | D:7      | Found a large runed door.
  7415 | D:7      | Reached skill level 8 in Dodging
  7538 | D:7      | Reached skill level 10 in Stealth
  7783 | D:7      | Identified the Handbook of Helpful Evil Rites
  7939 | D:8      | Found a shadowy altar of Dithmenos.
  8023 | D:8      | Acquired Okawaru's second power
  8305 | D:8      | Noticed Psyche
  8330 | D:8      | Killed Psyche
  8330 | D:8      | Reached skill level 13 in Short Blades
  8500 | D:8      | Received a gift from Okawaru
  9002 | D:8      | Reached skill level 9 in Dodging
  9049 | D:9      | Reached skill level 11 in Stealth
  9395 | D:9      | Noticed a manticore
  9460 | D:9      | Killed a manticore
  9460 | D:9      | Reached XP level 11. HP: 25/54 MP: 7/17
  9669 | D:9      | Noticed a white ugly thing
  9878 | D:8      | Reached skill level 14 in Short Blades
 10032 | D:9      | Reached skill level 1 in Fighting
 10145 | D:9      | Killed a white ugly thing
 10145 | D:9      | Received a gift from Okawaru
 10145 | D:9      | Reached skill level 2 in Fighting
 10145 | D:9      | Reached skill level 10 in Dodging
 10145 | D:9      | Reached skill level 12 in Stealth
 10410 | D:9      | Noticed a death drake
 10415 | D:9      | a death drake changed into an elf
 10422 | D:9      | Reached skill level 3 in Fighting
 10578 | D:6      | Bought a potion of ambrosia for 88 gold pieces
 10630 | D:10     | Entered Level 10 of the Dungeon
 10953 | D:10     | Found a glowing silver altar of Zin.
 11237 | D:10     | HP: 14/60 [centaur/arrow (7)]
 11465 | D:9      | HP: 17/60 [something (3)]
 11467 | D:9      | Killed an unseen horror
 11788 | D:10     | Reached skill level 4 in Fighting
 12139 | D:11     | Reached skill level 11 in Dodging
 12171 | D:11     | Found a staircase to the Lair.
 12353 | D:11     | Noticed Harold
 12356 | D:11     | Killed Harold
 12356 | D:11     | Reached skill level 5 in Fighting
 12356 | D:11     | Reached skill level 13 in Stealth
 12356 | D:11     | Reached XP level 12. HP: 66/68 MP: 18/18
 12995 | D:11     | Identified a scroll of acquirement
 12996 | D:11     | Got an ancient leather armour
 13007 | D:11     | Identified the +3 leather armour of Fenkitix {Str+6} (You acquired it on level 11 of the Dungeon)
 13021 | Lair:1   | Entered Level 1 of the Lair of Beasts
 13209 | Lair:1   | Reached skill level 6 in Fighting
 13648 | Lair:1   | Received a gift from Okawaru
 13654 | Lair:1   | Found a dark tunnel.
 13675 | Volcano  | Entered a volcano
 13942 | Volcano  | Reached skill level 14 in Stealth
 14287 | Volcano  | Reached skill level 12 in Dodging
 14933 | Lair:2   | Reached skill level 7 in Fighting
 15500 | Lair:2   | Reached skill level 8 in Fighting
 15652 | Lair:2   | Got an iridescent hand crossbow
 15786 | Lair:2   | Identified the +6 hand crossbow "Ebesa" {speed, +Blink Int+3} (You found it on level 2 of the Lair of Beasts)
 15798 | Lair:2   | Upgraded the game from 0.16-a0-3933-g06ce5c0 to 0.16-a0-3939-g9a3e665
 16378 | D:8      | Reached XP level 13. HP: 76/78 MP: 17/19
 16562 | Lair:3   | Reached skill level 15 in Stealth
 16649 | Lair:3   | Reached skill level 1 in Invocations
 16708 | Lair:3   | Reached skill level 13 in Dodging
 16720 | Lair:3   | Noticed Erica
 16736 | Lair:3   | Killed Erica
 16736 | Lair:3   | Reached skill level 2 in Invocations
 16980 | Lair:3   | Reached skill level 3 in Invocations
 17254 | Lair:3   | Reached skill level 9 in Fighting
 17525 | Lair:3   | Reached skill level 4 in Invocations
 18183 | Lair:4   | Reached skill level 2 in Evocations
 18276 | Lair:4   | Received a gift from Okawaru
 18396 | Lair:4   | Reached skill level 3 in Evocations
 19907 | Lair:5   | Reached skill level 4 in Evocations
 20471 | Lair:6   | Reached skill level 10 in Fighting
 20484 | Lair:6   | Noticed Fannar
 20518 | Lair:6   | Killed Fannar
 20518 | Lair:6   | Reached skill level 14 in Dodging
 20821 | Lair:6   | Found a staircase to the Snake Pit.
 20846 | Lair:5   | Reached skill level 5 in Evocations
 20919 | Lair:6   | Found a staircase to the Swamp.
 21339 | Lair:6   | Reached XP level 14. HP: 61/88 MP: 23/23
 21525 | Lair:6   | Reached skill level 6 in Evocations
 21916 | Lair:7   | Noticed Rupert
 22257 | D:12     | Found a staircase to the Orcish Mines.
 22362 | D:12     | Received a gift from Okawaru
 22363 | D:12     | Got a dazzling plate armour {god gift}
 22389 | D:12     | Identified the +7 plate armour "Ocweulax" {rC+} (Okawaru gifted it to you on level 12 of the Dungeon)
 22699 | D:12     | Reached skill level 11 in Fighting
 22699 | D:12     | Reached skill level 7 in Evocations
 24067 | D:12     | Reached skill level 8 in Evocations
 24101 | Orc:1    | Entered Level 1 of the Orcish Mines
 24112 | Orc:1    | Reached skill level 15 in Dodging
 24163 | Orc:1    | Noticed Grum
 24171 | Orc:1    | Killed Grum
 24557 | Orc:1    | Found a frozen archway.
 24640 | IceCv    | Entered an ice cave
 24673 | IceCv    | Received a gift from Okawaru
 24678 | IceCv    | Got a faintly glowing dagger {god gift}
 24679 | IceCv    | Identified the +6 dagger of a bailey {elec, rPois+ MP+9} (Okawaru gifted it to you in an ice cave)
 24852 | IceCv    | Reached skill level 9 in Evocations
 24950 | IceCv    | Reached skill level 12 in Fighting
 25104 | IceCv    | Got an ichor-stained ring mail
 25106 | IceCv    | Identified the +5 ring mail "Daecexobb" {rElec} (You found it in an ice cave)
 25248 | IceCv    | Noticed a frost giant
 25263 | IceCv    | Killed a frost giant
 25263 | IceCv    | Received a gift from Okawaru
 25335 | IceCv    | HP: 25/92 [something (29)]
 25895 | Lair:1   | Reached XP level 15. HP: 97/97 MP: 28/28
 25941 | Lair:1   | Received a gift from Okawaru
 26147 | Orc:2    | Reached skill level 10 in Evocations
 26775 | Orc:3    | Found a staircase to the Elven Halls.
 26794 | Orc:3    | Noticed Nergalle
 26816 | Orc:3    | Killed Nergalle
 27700 | Orc:4    | Entered Level 4 of the Orcish Mines
 27710 | Orc:4    | Found Sucengar's Magic Scroll Emporium.
 27715 | Orc:4    | Found a labyrinth entrance.
 27727 | Lab      | Entered a labyrinth
 28079 | Lab      | Upgraded the game from 0.16-a0-3939-g9a3e665 to 0.16-a0-3940-gf8a207b
 28156 | Lab      | Reached skill level 1 in Shields
 28185 | Lab      | Got a translucent arbalest
 28185 | Lab      | Got a transparent long sword
 28186 | Lab      | Identified a +3 rod of shadows (10/10) (You found it in a labyrinth)
 28491 | Orc:4    | Bought a scroll of fear for 63 gold pieces
 28491 | Orc:4    | Bought a scroll of fear for 63 gold pieces
 29230 | Orc:4    | Noticed an orc warlord
 29516 | Orc:4    | Reached skill level 2 in Shields
 29821 | Orc:4    | Reached skill level 16 in Dodging
 29842 | Orc:4    | Killed an orc warlord
 29842 | Orc:4    | Received a gift from Okawaru
 29978 | Orc:4    | Reached skill level 13 in Fighting
 30184 | Orc:4    | Reached skill level 3 in Shields
 30449 | Orc:4    | Found Kima's General Store.
 30450 | Orc:4    | Found Tuas' Jewellery Boutique.
 30452 | Orc:4    | Found Xaotimyz's Antique Armour Boutique.
 30452 | Orc:4    | Found Straomn's Antique Weapon Shop.
 30526 | Orc:4    | Bought a pair of runed boots for 153 gold pieces
 30526 | Orc:4    | Bought a scorched cloak for 323 gold pieces
 30536 | Orc:4    | Identified the +0 cloak of the Ego {+Inv rPois+ Str+5 Int-5 Stlth-} (You bought it in a shop on level 4 of the Orcish Mines)
 30579 | Orc:4    | Bought a translucent leather armour for 238 gold pieces
 30589 | Orc:4    | Identified the +3 leather armour "Moodgh" {Str+2} (You bought it in a shop on level 4 of the Orcish Mines)
 30589 | Orc:4    | Bought a faintly glowing ring mail for 306 gold pieces
 30599 | Orc:4    | Identified the +0 ring mail of Eternal Vigilance {Contam rElec rF++ MP+9} (You bought it in a shop on level 4 of the Orcish Mines)
 30613 | Orc:4    | Bought a +4 ring of slaying for 1014 gold pieces
 31363 | Lair:7   | Identified a +1 rod of the swarm (13/13) (You found it on level 7 of the Lair of Beasts)
 31381 | Lair:7   | Reached skill level 4 in Shields
 32155 | Lair:7   | Received a gift from Okawaru
 32269 | Lair:8   | Entered Level 8 of the Lair of Beasts
 32803 | Lair:8   | Reached skill level 5 in Shields
 33077 | Lair:8   | Found a staircase to the Slime Pits.
 33128 | Lair:8   | Reached XP level 16. HP: 105/105 MP: 29/29
 34012 | Lair:8   | Reached skill level 17 in Dodging
 34366 | Lair:8   | HP: 23/105 [dire elephant (14)]
 34679 | Lair:8   | Reached skill level 11 in Evocations
 34765 | Lair:8   | Received a gift from Okawaru
 34778 | Lair:8   | Reached skill level 6 in Shields
 35117 | Lair:1   | Identified the cursed +3 long sword "Ahuor" {slice, rElec rN+ Int+4} (You found it in a labyrinth)
 35321 | Orc:4    | Bought the +5 captain's cutlass {speed} for 832 gold pieces
 35868 | D:13     | Found a blossoming altar of Fedhas.
 36136 | D:13     | Found a gate to the Vaults.
 36861 | D:13     | Received a gift from Okawaru
 37700 | D:14     | Reached skill level 12 in Evocations
 38240 | D:14     | Reached skill level 16 in Stealth
 38912 | D:15     | Entered Level 15 of the Dungeon
 38973 | D:14     | Reached skill level 7 in Shields
 38997 | D:14     | Received a gift from Okawaru
 38998 | D:14     | Got a pitted leather armour {god gift}
 39174 | D:14     | Identified the +3 leather armour "Eneolec" {rN+ Stlth+} (Okawaru gifted it to you on level 14 of the Dungeon)
 39692 | D:15     | Found a glowing silver altar of Zin.
 39694 | D:15     | Found Wanan's Armour Shop.
 39715 | D:15     | Bought a +1 helmet of see invisible for 231 gold pieces
 39733 | D:15     | Upgraded the game from 0.16-a0-3940-gf8a207b to 0.16-a0-3943-gb4b81e6
 39774 | D:15     | Reached XP level 17. HP: 110/110 MP: 32/32
 39889 | D:15     | Reached skill level 13 in Evocations
 40159 | D:15     | Found Direcrua's Assorted Antiques.
 40463 | D:15     | Found Izoah's Gadget Shoppe.
 41191 | D:15     | Found a staircase to the Depths.
 41546 | Lair:1   | Identified the +9 arbalest "Struas" {penet, rF- Str+3 SInv} (You found it in a labyrinth)
 41706 | Snake:1  | Entered Level 1 of the Snake Pit
 41861 | Snake:1  | Noticed Urug
 41914 | Snake:1  | Killed Urug
 41930 | Snake:1  | Got a scorched leather armour
 41966 | Snake:1  | Identified the +2 leather armour "Raergh" {rElec rN+ Slay-4} (You found it on level 1 of the Snake Pit)
 42126 | Snake:1  | Reached skill level 17 in Stealth
 42300 | Snake:1  | Got a faintly glowing falchion
 42308 | Snake:1  | Identified the +6 falchion of the Mushroom {freeze, +Fly rN+ MP-9} (You found it on level 1 of the Snake Pit)
 42337 | Snake:1  | Noticed Asterion
 42339 | Snake:1  | Noticed Aizul
 42356 | Snake:1  | HP: 32/110 [poisoned by Asterion]
 42361 | Snake:1  | HP: 27/110 [poisoned by Asterion]
 42367 | Snake:1  | HP: 24/110 [poisoned by Asterion]
 42373 | Snake:1  | HP: 22/110 [poisoned by Asterion]
 42662 | Snake:1  | Found a blossoming altar of Fedhas.
 42684 | Snake:1  | Received a gift from Okawaru
 44076 | Swamp:1  | Entered Level 1 of the Swamp
 44461 | Swamp:1  | Reached skill level 18 in Dodging
 45269 | Swamp:2  | Reached skill level 14 in Evocations
 45682 | Swamp:2  | Received a gift from Okawaru
 45682 | Swamp:2  | Reached skill level 1 in Armour
 45682 | Swamp:2  | Reached skill level 5 in Invocations
 45816 | Swamp:2  | Noticed Nessos
 45823 | Swamp:2  | Killed Nessos
 45994 | Swamp:2  | Identified Hoymmaoxt's First Steps in Thaumaturgy
 47008 | Swamp:3  | Reached skill level 2 in Armour
 47289 | Swamp:4  | Noticed Agnes
 47325 | Swamp:4  | Killed Agnes
 47325 | Swamp:4  | Received a gift from Okawaru
 47325 | Swamp:4  | Reached skill level 6 in Invocations
 47826 | Swamp:4  | Reached skill level 18 in Stealth
 47996 | Swamp:4  | Reached XP level 18. HP: 92/116 MP: 33/33
 49029 | Swamp:5  | Entered Level 5 of the Swamp
 49050 | Swamp:5  | Reached skill level 3 in Armour
 49361 | Swamp:5  | Reached skill level 7 in Invocations
 49378 | Swamp:5  | HP: 31/116 [thorn hunter/volley of thorns (37)]
 49397 | Swamp:5  | Gained mutation: Your magical capacity is low (-10% MP). [mutagenic glow]
 49409 | Swamp:5  | HP: 26/116 [thorn hunter/volley of thorns (23)]
 49410 | Swamp:5  | HP: 9/116 [thorn hunter/volley of thorns (17)]
 49415 | Swamp:5  | HP: 22/116 [briar patch's spines[a thorn hunter] (10)]
 49427 | Swamp:5  | HP: 23/116 [briar patch's spines[a thorn hunter] (1)]
 50364 | Snake:2  | Reached skill level 15 in Evocations
 50560 | Snake:2  | Received a gift from Okawaru
 50577 | Snake:2  | HP: 34/116 [anaconda (3)]
 50598 | Snake:2  | Got a bloodstained rapier {god gift}
 50599 | Snake:2  | Identified the +5 rapier "Riteggi Zyto" {pierce, Str+4} (Okawaru gifted it to you on level 2 of the Snake Pit)
 51040 | Snake:2  | Reached skill level 4 in Armour
 51396 | Snake:2  | Got a distressingly furry helmet
 51429 | Snake:2  | Identified the +1 helmet of Ubear {Int-5 Slay+5} (You found it on level 2 of the Snake Pit)
 51439 | Snake:2  | Noticed Vashnia
 51872 | Snake:2  | HP: 8/116 [Vashnia/arrow (36)]
 51872 | Snake:2  | Shot with an arrow by Vashnia

Action                   |  1- 3 |  4- 6 |  7- 9 | 10-12 | 13-15 | 16-18 || total
-------------------------+-------+-------+-------+-------+-------+-------++-------
Melee: Dagger            |    73 |       |     3 |       |    98 |       ||   174
       Short sword       |    23 |   126 |    26 |    22 |       |       ||   197
       Unarmed           |       |     6 |       |       |       |       ||     6
       Rapier            |       |       |   160 |   780 |  1862 |   212 ||  3014
       Cutlass           |       |       |       |       |       |  2182 ||  2182
 Fire: Hunting sling     |    26 |    24 |    27 |    23 |       |       ||   100
       Blowgun           |       |     5 |    57 |    35 |       |     3 ||   100
       Hand crossbow     |       |       |       |       |   261 |    76 ||   337
Throw: Stone             |     5 |       |       |       |       |       ||     5
       Tomahawk          |       |     8 |     5 |    11 |    10 |    13 ||    47
Invok: Heroism           |       |       |     2 |     5 |     7 |     3 ||    17
 Abil: Evoke Flight      |       |       |       |       |     2 |    19 ||    21
       Evoke Teleportati |       |       |       |       |     2 |     2 ||     4
       Evoke Blink       |       |       |       |       |     1 |       ||     1
       Evoke Invisibilit |       |       |       |       |       |     4 ||     4
Evoke: Wand              |       |     2 |     4 |     3 |    16 |    16 ||    41
       Rod               |       |       |       |       |       |     4 ||     4
  Use: Scroll            |     3 |     5 |     9 |    11 |    13 |    15 ||    56
       Potion            |       |       |       |       |     2 |     5 ||     7
 Stab: Sleeping          |    10 |     7 |    27 |    79 |    84 |    72 ||   279
       Confused          |       |     1 |       |       |     1 |     2 ||     4
       Distracted        |       |     1 |     3 |    12 |    16 |     8 ||    40
       Fleeing           |       |       |       |     1 |     1 |     1 ||     3
       Paralysed         |       |       |       |       |     3 |     4 ||     7
       Invisible         |       |       |       |       |     5 |     3 ||     8
  Eat: Chunk             |    10 |     7 |    10 |    28 |    57 |    69 ||   181

Table legend:
 A = Turns spent in this place as a percentage of turns spent in the entire game.
 B = Non-inter-level travel turns spent in this place as a percentage of non-inter-level travel turns spent in the entire game.
 C = Inter-level travel turns spent in this place as a percentage of turns spent in this place.
 D = Turns resting spent in this place as a percentage of non-inter-level travel turns spent in this place.
 E = Turns spent auto-exploring this place as a percentage of non-inter-level travel turns spent in this place.
 F = Non-inter-level travel turns spent in this place divided by the number of levels of this place that you've seen.
                   A       B       C       D       E      F
               +-------+-------+-------+-------+-------+----------------------
         Total | 100.0 | 100.0 |   0.5 |   1.6 |   2.3 | 679.6
       Dungeon |  42.0 |  42.0 |   0.4 |   1.4 |   2.7 | 723.7
        Temple |   0.3 |   0.3 |   3.5 |   0.0 |   0.0 |  82.0
          Lair |  22.5 |  22.5 |   0.8 |   1.1 |   2.4 | 725.0
         Swamp |   8.3 |   8.3 |   0.6 |   1.6 |   3.3 | 428.4
     Snake Pit |   8.6 |   8.6 |   0.3 |   2.7 |   1.7 | 1115.0
  Orcish Mines |  11.9 |  11.9 |   0.4 |   2.3 |   1.4 | 769.0
     Labyrinth |   1.8 |   1.9 |   0.0 |   0.0 |   0.0 | 479.0
      Ice Cave |   2.7 |   2.7 |   0.0 |   1.9 |   0.1 | 694.0
       Volcano |   1.8 |   1.8 |   0.0 |   2.6 |   0.4 | 466.0
               +-------+-------+-------+-------+-------+----------------------

Vault maps used:
D:1:      dpeg_arrival_subterranean_lakeside_camping, serial_park_tiny_pond,
          baited_tele_trap
D:2:      lemuel_upstairs_altar, nemelex_altar_shiori, cheibriados_altar_1,
          lemuel_doored_altar, lemuel_coloured_pillars_altar, uniq_iyjb
D:3:      first_bread
D:5:      uniq_menkaure, uniq_natasha
D:6:      kennysheep_mini_moat, grunt_temple_overflow_open,
          minmay_temple_entry_glass, serial_shops, shop
D:7:      bloody_trog, kennysheep_vampire_church, cheibrodos_ashenzari_chains,
          minmay_hollow_rounded_squares, uniq_pikel, uniq_sigmund
D:8:      nicolae_dithmenos_shadow_blocks, hangedman_pestilent_swarm,
          solitary_fountain, uniq_psyche
D:9:      minmay_variable_closet, st_stairs_1, minivault_28
D:10:     basic_altar
D:11:     lair_0_dummy, uniq_harold
D:12:     david_orc_3
D:13:     lightli_vaults_fourway_checkpoint, fedhas_altar_1
D:14:     roderic_lattice_a
D:15:     gammafunk_enter_depths_forms, grunt_decor_cap, serial_shops,
          nicolae_shop_trees, nicolae_shop_crystal,
          nicolae_shop_competitors_out_of_business, lemuel_oklob_altar
Temple:   corrupted_temple
Lair:1:   nicolae_volcano_entry_s_turn
Lair:2:   st_stairs_10
Lair:3:   special_room, uniq_erica
Lair:4:   kennysheep_abandoned_house, columned_hall_lemuel
Lair:5:   statuecave_lemuel, patterned_corridor
Lair:6:   minmay_lair_oklob_chamber, swamp_mist,
          minmay_snake_entry_six_corridors, uniq_fannar
Lair:7:   beast_lair_carwin_1, grunt_megastairs_1, uniq_rupert
Lair:8:   due_jungle_book, slime_dummy, serial_bayou_pond_b,
          serial_bayou_shore_b
Swamp:1:  evilmike_swamp_ruin_house_4
Swamp:2:  evilmike_swamp_ruin_house_6, swamp_pool1, hangedman_swamp_lotus,
          uniq_nessos
Swamp:3:  evilmike_swamp_ruin_house_3, swamp_pool3
Swamp:4:  evilmike_swamp_ruin_house_2, infiniplex_staircase_pool, uniq_agnes
Swamp:5:  swamp_alternative
Snake:1:  basic_altar, spider_trap, minmay_snake_pond, uniq_urug, uniq_asterion,
          uniq_aizul
Snake:2:  st_stairs_2, grunt_ministairs_1, nicolae_snake_lava_pool, uniq_vashnia
Orc:1:    portal_ice_cave_entry_animals_and_master, uniq_grum
Orc:3:    nicolae_orc_pool_cavern, uniq_nergalle
Orc:4:    st_orc_congregation, serial_shops, shop, lab_entry_generic
Lab:      labyrinth_hidden_loot, lab_block
IceCv:    ice_cave_caverns_03
Volcano:  volcano_tomb
